 Dungeon Crawl Stone Soup version 0.19.1-1-g22dce08 (webtiles) character file.

51 empire the Charmwright (level 3, -2/24 HPs)
             Began as a High Elf Skald on Jan 13, 2017.
             Slain by a leopard gecko (3 damage)
             ... on level 2 of the Dungeon.
             The game lasted 00:02:47 (1594 turns).

empire the Charmwright (High Elf Skald)             Turns: 1594, Time: 00:02:48

Health: -2/24      AC:  3    Str: 12    XL:     3   Next: 57%
Magic:  7/7        EV: 11    Int: 16    God:
Gold:   66         SH:  0    Dex: 14    Spells: 3 memorised, 0 levels left

rFire  . . .     SeeInvis .     a - +0 falchion
rCold  . . .     Gourm    .     b - +0 leather armour
rNeg   . . .     Faith    .     (no shield)
rPois  .         Spirit   .     (no helmet)
rElec  .         Reflect  .     (no cloak)
rCorr  .         Harm     .     (no gloves)
MR     .....                    (no boots)
Stlth  +.........               (no amulet)
                                (no ring)
                                (no ring)

@: no status effects
A: no striking features
a: no special abilities


You were on level 2 of the Dungeon.
You were hungry.

You visited 1 branch of the dungeon, and saw 2 of its levels.

You collected 66 gold pieces.

Inventory:

Hand Weapons
 a - a +0 falchion (weapon)
Armour
 b - a +0 leather armour (worn)
Scrolls
 e - 2 scrolls of identify {unknown}
 g - 3 scrolls of remove curse {unknown}
 j - a scroll of amnesia {unknown}
 l - 2 scrolls of immolation {unknown}
Potions
 f - a potion of beneficial mutation {unknown}
 h - a potion of heal wounds {unknown}
 i - 2 potions of curing {unknown}
Books
 c - a book of Battle

   Spells                             Type                      Level
   a - Infusion                       Charms                       1
   b - Shroud of Golubria             Charms/Translocation         2
   c - Song of Slaying                Charms                       2
   d - Spectral Weapon                Hexes/Charms                 3
   e - Regeneration                   Charms/Necromancy            3
Comestibles
 d - a bread ration
 k - a royal jelly
 m - 2 chunks of flesh


   Skills:
 - Level 2.0 Fighting
 + Level 3.8 Long Blades
 - Level 0.8 Armour
 - Level 1.1 Dodging
 - Level 2.4 Spellcasting
 + Level 4.7 Charms


You couldn't memorise any spells.
You knew the following spells:

 Your Spells              Type           Power        Failure   Level  Hunger
a - Infusion              Chrm           ###.         4%          1    #......
b - Shroud of Golubria    Chrm/Tloc      #.........   17%         2    ###....
c - Regeneration          Chrm/Necr      #.........   34%         3    ###....


Dungeon Overview and Level Annotations

Branches:
Dungeon (2/15)

Altars:


Message History

You destroy the plant!
The leopard gecko bites you.
* * * LOW HITPOINT WARNING * * *
You completely miss the quokka.
The quokka bites you but does no damage.
The leopard gecko bites you but does no damage.
The quokka misses you.
You riposte.
You hit the quokka.
The quokka is heavily wounded.
You hit the quokka.
The quokka is severely wounded.
The leopard gecko barely misses you. The quokka barely misses you.
You riposte.
You barely miss the quokka.
The quokka is severely wounded.
The leopard gecko bites you but does no damage.
You hit the quokka but do no damage.
The quokka is severely wounded.
The quokka bites you.
* * * LOW HITPOINT WARNING * * *
The leopard gecko bites you.
You die...

♣♣♣ ♣♣.. .. #+ #
...♣♣♣.♣♣. ♣ #.
#....♣.♣. ..
#.#####...♣.P.♣..
#.....♣r♣♣♣.♣...♣♣
#...)♣.P@P♣P.♣♣..♣
#....P.♣l♣PPP..♣.♣♣
#.....♣.P..P♣......
#....#♣.P.♣..P♣P
#....#.♣♣♣♣♣..♣♣♣♣♣
#.###.#♣......P♣.P♣
# #. #.
♣.♣P.8..♣.♣♣P# #.
##♣.♣P....P.♣..P#
...♣8.⌠.8P.♣.♣


You could see a leopard gecko and a quokka.

Vanquished Creatures
  2 worms
  A dart slug (D:1)
  A leopard gecko (D:1)
  4 giant cockroaches (D:1)
  7 goblins
  4 hobgoblins
  4 jackals (D:1)
  3 kobolds
  2 quokkas (D:2)
  4 bats (D:1)
  4 rats
  A plant (D:2)
37 creatures vanquished.

Notes
Turn   | Place    | Note
-------+----------+-------------------------------------------
     0 | D:1      | empire the High Elf Skald began the quest for the Orb.
     0 | D:1      | Reached XP level 1. HP: 14/14 MP: 4/4
    77 | D:1      | Reached skill level 4 in Charms
   131 | D:1      | Reached XP level 2. HP: 16/19 MP: 6/6
   549 | D:1      | Reached XP level 3. HP: 22/24 MP: 7/7
  1003 | D:1      | Learned a level 2 spell: Shroud of Golubria
  1007 | D:1      | Learned a level 3 spell: Regeneration
  1327 | D:2      | HP: 1/24 [worm (8)]
  1594 | D:2      | HP: 1/24 [quokka (3)]
  1594 | D:2      | Slain by a leopard gecko

Skill      XL: |  1  2 |
---------------+-------+-----
Charms         | 4 |  4.7
Long Blades    | 3 |  3.8
Fighting       | |  2.0
Armour         | |  0.8
Dodging        | |  1.1
Spellcasting   | |  2.4

Action                   || total
-------------------------++-------
Melee: Falchion          ||   142
 Cast: Regeneration      ||     1
       Shroud of Golubri ||     1
 Stab: Sleeping          ||     2
  Eat: Chunk             ||     2
Armor: Leather armour    ||    26
Dodge: Dodged            ||    71
       Rpst.: Falchion   ||    28
